 Dungeon Crawl Stone Soup version 0.25-a0-558-g78a2afb0af (webtiles) character file.

Game seed: 18356746441400890304, levelgen mode: classic

180 EnegeticOcto the Skirmisher (level 5, -4/46 HPs)
             Began as a Mummy Chaos Knight on Feb 24, 2020.
             Was a Plaything of Xom.
             Slain by a wolf spider (glowing shapeshifter) (18 damage)
             ... on level 2 of the Dungeon.
             The game lasted 00:02:58 (2045 turns).

EnegeticOcto the Skirmisher (Mummy Chaos Knight)    Turns: 2045, Time: 00:02:59

Health: -4/46      AC: 10    Str: 16    XL:     5   Next: 33%
Magic:  5/5        EV:  4    Int: 18    God:    Xom [..*...]
Gold:   87         SH:  0    Dex: 11    Spells: 4/4 levels left

rFire    x . .     SeeInvis .   a - +0 spear (chaos)
rCold    + . .     Gourm    .   (no shield)
rNeg     + + +     Faith    .   j - +0 plate armour
rPois    ∞         Spirit   .   (no helmet)
rElec    .         Reflect  .   (no cloak)
rCorr    .         Harm     .   (no gloves)
MR       .....                  (no boots)
Stlth    ..........             (no amulet)
HPRegen  0.15/turn              i - +6 ring of intelligence
MPRegen  0.09/turn              (no ring)

@: no status effects
A: no food or potions, fire vulnerability, cold resistance 1, negative energy
resistance 3, torment resistance, unbreathing
a: Renounce Religion


You were on level 2 of the Dungeon.
You worshipped Xom.
You were a toy of Xom.
You were not hungry.

You visited 1 branch of the dungeon, and saw 3 of its levels.

You collected 87 gold pieces.

Inventory:

Hand Weapons
 a - a +0 spear of chaos (weapon)
 l - a +1 vorpal hand axe
Missiles
 g - 3 javelins (quivered)
 h - 17 poisoned darts
Armour
 b - a +2 leather armour
 j - a +0 plate armour (worn)
Jewellery
 i - a +6 ring of intelligence (left hand)
 m - an uncursed ring of see invisible {unknown}
Scrolls
 c - a scroll of magic mapping {unknown}
 d - a scroll of amnesia {unknown}
 e - a scroll of random uselessness
 f - 3 scrolls of identify {unknown}
 k - a scroll of blinking {unknown}
 n - a scroll of teleportation {unknown}
 o - a scroll of immolation {unknown}


   Skills:
 + Level 5.8 Fighting
 * Level 2.7 Polearms
 + Level 1.8 Armour
 - Level 0.7 Dodging


You had 4 spell levels left.
You didn't know any spells.
Your spell library was empty.

Dungeon Overview and Level Annotations

Branches:
Dungeon (3/15)

Altars:
Okawaru


Innate Abilities, Weirdness & Mutations

You do not eat or drink.
Your flesh is vulnerable to fire.
You are immune to poison.
Your flesh is cold resistant. (rC+)
You are immune to negative energy. (rN+++)
You are immune to unholy pain and torment.
You can survive without breathing.


Message History

No target in view!
No target in view!
No target in view!
A frilled lizard comes into view.
A frilled lizard is nearby!
A frilled lizard is nearby!
A frilled lizard is nearby!
You closely miss the frilled lizard. The frilled lizard barely misses you.
A hobgoblin comes into view. It is wielding a +0 club.
You hit the frilled lizard but do no damage.
The frilled lizard is poisoned.
The frilled lizard bites you but does no damage.
Your plate armour prevents you from hitting the frilled lizard.
The frilled lizard is heavily wounded.
The frilled lizard completely misses you.
You hit the frilled lizard but do no damage.
The frilled lizard is heavily wounded.
The frilled lizard bites you but does no damage.
You hit the frilled lizard.
Lightning courses through the frilled lizard!
You kill the frilled lizard!
A hobgoblin is nearby!
A hobgoblin is nearby!
You hit the hobgoblin but do no damage.
The hobgoblin hits you but does no damage.
You hit the hobgoblin.
The hobgoblin is poisoned.
The hobgoblin is moderately wounded.
The hobgoblin hits you but does no damage.
You hit the hobgoblin but do no damage.
Space warps horribly around the hobgoblin!!
You kill the hobgoblin!
No target in view!
No target in view!
No target in view!
No target in view!
n - a scroll labeled ICKUPP TOVIRO You now have 79 gold pieces (gained 1).
Things that are here:
a +0 club; a frilled lizard corpse
o - a scroll labeled WURENA GOUHANT As you open the door, it creaks loudly!
Found 15 stones.
There is an open door here.
You open the door.
There is an open door here.
You now have 87 gold pieces (gained 8).
There is an open door here.
A hobgoblin comes into view.
The hobgoblin shouts!
Attack whom?
Press: ? - help, Dir - move target cursor, f - hobgoblin
Aim: a hobgoblin You reach to attack!
You hit the hobgoblin.
Lightning courses through the hobgoblin!!
You kill the hobgoblin!
No target in view!
No target in view!
No target in view!
No target in view!
No target in view!
A quokka comes into view.
A quokka is nearby!
Xom's attention turns to you for a moment.
You are caught in an explosion of electrical discharges!
The explosion engulfs you!
The explosion engulfs the plant!
Attack whom?
Press: ? - help, Dir - move target cursor, f - quokka
Aim: a quokka You reach to attack!
You hit the quokka but do no damage. You hit the quokka. You burn the quokka.
The quokka is heavily wounded.
The quokka bites you but does no damage. x2
You closely miss the quokka.
The quokka is heavily wounded.
The quokka bites you but does no damage.
You hit the quokka but do no damage.
The quokka is poisoned.
The quokka is moderately wounded.
The quokka bites you but does no damage.
Your plate armour prevents you from hitting the quokka.
The quokka is heavily wounded.
The quokka bites you.
You hit the quokka.
The quokka changes into a glowing shapeshifter!
Xom thinks this is hilarious!
The glowing shapeshifter is moderately wounded.
The glowing shapeshifter changes into a wolf spider!
You hit the wolf spider but do no damage.
The wolf spider hits you!
The wolf spider bites you but does no damage.
You are too injured to fight recklessly!
You are too injured to fight recklessly!
You are too injured to fight recklessly!
You are too injured to fight recklessly!
You are too injured to fight recklessly!
You are too injured to fight recklessly!
As you read the scroll labeled AFOWUMINGO, it crumbles to dust.
Your +0 spear of chaos glows dull silver for a moment.
It was a scroll of random uselessness.
The wolf spider hits you!!
You die...
Xom guffaws!

#..♣♣♣♣♣♣♣.....♣
#######..♣ ♣♣P.
.........# P ♣...P
.######.## .P. .# #.#
♣♣♣ ...♣ P .# #.#
♣..♣... .# #.#
♣♣.P.♣.♣♣♣ P .# #.#
♣P...s...# P .# #.#
#...@.# .#
#.######...## .#
#.#.........#
.##.#.#.#.#####.#...#
................#####
#######.#.#.#####
...#.#...#
#####.#.#.# #.#.#.#


You could see a wolf spider shaped shifter.

Vanquished Creatures
  An orc priest (D:2)
  An orc wizard (D:2)
  4 gnolls (D:2)
  2 adders
  3 worms
  3 leopard geckos
  An orc (D:2)
  7 giant cockroaches
  3 goblins (D:1)
  8 hobgoblins
  3 quokkas (D:2)
  9 bats
  4 frilled lizards
  7 kobolds
  4 rats
60 creatures vanquished.

Notes
Turn   | Place    | Note
-------+----------+-------------------------------------------
     0 | D:1      | EnegeticOcto the Mummy Chaos Knight began the quest for the
                  | Orb.
     0 | D:1      | Reached XP level 1. HP: 18/18 MP: 1/1
   175 | D:1      | Reached XP level 2. HP: 19/24 MP: 2/2
   271 | D:1      | Reached skill level 4 in Fighting
   348 | D:1      | XOM: silly message
   520 | D:1      | Reached XP level 3. HP: 29/30 MP: 3/3
   623 | D:1      | XOM: mild Conj miscast
   760 | D:2      | XOM: medium Hex miscast
   917 | D:2      | XOM: confuse monster(s)
   919 | D:2      | XOM: cast spell 'Discord'
   924 | D:2      | XOM: divination: detect creatures
   926 | D:2      | XOM: polymorph quokka -> giant cockroach
   930 | D:2      | Reached skill level 5 in Fighting
   930 | D:2      | Reached XP level 4. HP: 11/39 MP: 4/4
  1103 | D:1      | XOM: medium Pois miscast
  1242 | D:2      | You fall into a shaft and drop 1 floor!
  1418 | D:3      | Found an iron altar of Okawaru.
  1752 | D:2      | Reached XP level 5. HP: 46/46 MP: 5/5
  2037 | D:2      | XOM: medium Air miscast
  2043 | D:2      | Noticed a glowing shapeshifter
  2043 | D:2      | a quokka changed into a glowing shapeshifter
  2043 | D:2      | Noticed a wolf spider
  2043 | D:2      | a glowing shapeshifter changed into a wolf spider
  2045 | D:2      | Slain by a wolf spider (glowing shapeshifter)

Levels and vault maps discovered:
D:1:      dpeg_arrival_rhombus, layout_rooms, minmay_misc_feat_square
D:2:      wad_woods_tower, layout_basic, minmay_tromino_mix6
D:3:      layout_loops_ring, marbit_many_paths, kennysheep_cluttered_room,
          okawaru_ov_weapons_minmay, uniq_natasha

Skill      XL: |  1  2  3 |
---------------+----------+-----
Fighting       | 4 5 |  5.8
Polearms       | |  2.7
Armour         | |  1.8
Dodging        | |  0.7

Action                   |  1- 3 |  4- 6 || total
-------------------------+-------+-------++-------
Melee: Spear             |   140 |   109 ||   249
       Hand axe          |       |    39 ||    39
  Use: Scroll            |       |     1 ||     1
 Stab: Confused          |       |     1 ||     1
Armor: Leather armour    |    36 |     6 ||    42
       Plate armour      |       |    76 ||    76
Dodge: Dodged            |    48 |    32 ||    80

Table legend:
 A = Non-vault XP
 B = Vault XP
 C = Vault XP percentage of total XP
 D = Non-vault monster count
 E = Vault monster count
 F = Vault count percentage of total count
                 A         B        C        D         E       F
            +---------+---------+-------+---------+---------+-------
      Total |     247 |      11 |   4.3 |      54 |       6 |  10.0
            +---------+---------+-------+---------+---------+-------
        D:1 |      42 |       0 |   0.0 |      27 |       0 |   0.0
        D:2 |     172 |      11 |   6.0 |      17 |       6 |  26.1
        D:3 |      33 |       0 |   0.0 |      10 |       0 |   0.0
            +---------+---------+-------+---------+---------+-------
